 Dungeon Crawl Stone Soup version 0.21.0-3-g78d12a8 (webtiles) character file.

74 Leibowitz the Shield-Bearer (level 4, -2/29 HPs)
             Began as a Gargoyle Fighter on Jan 9, 2018.
             Killed by divine providence
             ... invoked by an orc priest
              (14 damage)
             ... on level 3 of the Dungeon.
             The game lasted 00:04:16 (1573 turns).

Leibowitz the Shield-Bearer (Gargoyle Fighter)      Turns: 1573, Time: 00:04:16

Health: -2/29      AC: 19    Str: 20    XL:     4   Next: 28%
Magic:  4/4        EV:  4    Int:  8    God:
Gold:   134        SH:  9    Dex: 10    Spells: 3/3 levels left

rFire    . . .     SeeInvis .   a - +0 long sword
rCold    . . .     Gourm    .   c - +0 shield
rNeg     + . .     Faith    .   q - +0 plate armour (curse)
rPois    ∞         Spirit   .   (no helmet)
rElec    +         Reflect  .   b - +0 cloak
rCorr    .         Harm     .   (no gloves)
MR       .....                  l - +2 pair of boots
Stlth    ..........             (no amulet)
HPRegen  0.09/turn              g - ring of stealth
MPRegen  0.09/turn              (no ring)

@: no status effects
A: negative energy resistance 1, electricity resistance, unbreathing,
petrification resistance, rot immunity, AC +3
a: no special abilities


You were on level 3 of the Dungeon.
You were not hungry.

You visited 1 branch of the dungeon, and saw 3 of its levels.

You collected 134 gold pieces.

Inventory:

Hand Weapons
 a - a +0 long sword (weapon)
Armour
 b - a +0 cloak (worn)
 c - a +0 shield (worn)
 l - a +2 pair of boots (worn)
 q - a cursed +0 plate armour (worn)
Jewellery
 g - a ring of stealth (left hand)
Scrolls
 e - 2 scrolls of enchant weapon {unknown}
 h - 2 scrolls of identify {unknown}
 k - a scroll of teleportation {unknown}
 n - a scroll of fear {unknown}
 r - a scroll of remove curse {unknown}
 s - a scroll of amnesia {unknown}
Potions
 d - a potion of might
 i - a potion of flight {unknown}
 j - a potion of agility {unknown}
 m - a potion of curing {unknown}
 o - a potion of degeneration {unknown}
 p - a potion of ambrosia {unknown}
Comestibles
 f - 5 rations


   Skills:
 * Level 3.8 Fighting
 * Level 2.5 Long Blades
 * Level 3.8 Armour
 * Level 0.5 Dodging
 * Level 3.9 Shields


You had 3 spell levels left.
You didn't know any spells.

Dungeon Overview and Level Annotations

Branches:
Dungeon (3/15)

Altars:
Vehumet
Xom
Zin

Annotations:
D:3 Grinder


Innate Abilities, Weirdness & Mutations

You are resistant to torment.
Your stone body is resilient. (AC +3)
You are immune to poison.
You resist negative energy. (rN+)
You are resistant to electric shocks. (rElec)
You can survive without breathing.
You are immune to petrification.
You are immune to rotting.


Message History

You slash the hobgoblin!
You kill the hobgoblin!
The orc priest miscasts a cantrip.
The goblin hits you but does no damage.
Your shield and plate armour prevent you from hitting the goblin.
You block the goblin's attack.
The orc priest looks satisfied for a moment.
You hit the goblin but do no damage. The goblin hits you but does no damage.
You block the goblin's attack.
You hit the goblin.
You kill the goblin!
The orc priest hits you but does no damage.
You hit the orc priest.
The orc priest is lightly wounded.
The orc priest hits you but does no damage.
You slash the orc priest!
The orc priest is severely wounded.
The orc priest invokes the aid of Beogh against you.
Beogh smites you!
You die...

##### ###....
...... ##.... .....
## ... . #.#### .#
#5o@.##.#
######....# #..#
#..### .. ##..#
#..#
.#..###...###..#
#......>.#.#....##
....####.....##..#
.#
.........#.#####.##
#.# .>..........#
##..###.#


You could see Grinder and an orc priest.

Vanquished Creatures
  An adder (D:2)
  An ooze (D:1)
  A worm (D:3)
  2 dart slugs
  2 leopard geckos
  3 orcs (D:3)
  8 goblins
  8 hobgoblins
  8 jackals (D:1)
  A ball python (D:2)
  5 bats
  A frilled lizard (D:1)
  A kobold (D:1)
  3 rats
45 creatures vanquished.

Vanquished Creatures (others)
  A hobgoblin (D:2)
1 creature vanquished.

Grand Total: 46 creatures vanquished

Notes
Turn   | Place    | Note
-------+----------+-------------------------------------------
     0 | D:1      | Leibowitz the Gargoyle Fighter began the quest for the Orb.
     0 | D:1      | Reached XP level 1. HP: 14/14 MP: 1/1
    93 | D:1      | Reached XP level 2. HP: 9/19 MP: 2/2
   457 | D:1      | Reached XP level 3. HP: 19/23 MP: 3/3
   777 | D:2      | Found a glowing silver altar of Zin.
   780 | D:2      | Noticed an angel
   783 | D:2      | Found a shimmering altar of Xom.
   948 | D:2      | Reached XP level 4. HP: 29/29 MP: 4/4
  1246 | D:2      | Found a radiant altar of Vehumet.
  1557 | D:3      | Noticed Grinder
  1573 | D:3      | Killed from afar by an orc priest

Skill      XL: |  1  2 |
---------------+-------+-----
Long Blades    | 2 |  2.5
Fighting       | |  3.8
Armour         | |  3.8
Dodging        | |  0.5
Shields        | |  3.9

Action                   |  1- 3 |  4- 6 || total
-------------------------+-------+-------++-------
Melee: Long sword        |   102 |    37 ||   139
  Eat: Chunk             |       |     2 ||     2
Armor: Scale mail        |    68 |    14 ||    82
       Plate armour      |       |    15 ||    15
Dodge: Dodged            |    43 |     7 ||    50
Block: Shield            |    54 |    13 ||    67
       Rpst.: Long sword |    17 |     2 ||    19
